Map: Magannatha LE

Players

Sindyr - Winner!

  • Race: Zerg Zerg
  • League: Master
  • Spawn Location: 11:00

TheHunterxd

  • Race: Zerg Zerg
  • Spawn Location: 5:00

VOD

Have the link to the VOD?

Description

Time

  • Played on: Oct. 30, 2025, 6:37 a.m.
  • Length: 14:18
Show
View Real Time Build Order
Export as new Build Order

Sindyr Zerg - Winner!

Build Orders: Hatch First 

Get SALT Encoding   

  12  0:01  Drone  
  13  0:08  Drone  
  13  0:13  Extractor  
  13  0:16  Drone  
  15  0:22  Overlord  
  15  0:41  Drone x2  
  17  0:54  Drone, Hatchery  
  17  0:57  Drone  
  17  1:01  Extractor  
  17  1:15  Spawning Pool  
  17  1:18  Drone  
  17  1:21  Drone  
  18  1:28  Drone  
  19  1:39  Drone  
  20  1:49  Drone  
  21  2:06  Queen x2  
  25  2:10  Overlord  
  25  2:11  Zergling x4  
  27  2:20  Drone  
  28  2:51  Lair  
  28  2:52  Roach Warren, Evolution Chamber  
  26  3:01  Drone x6  
  32  3:05  Queen  
  34  3:19  Drone x2  
  36  3:29  Zerg Missile Weapons Level 1  
  36  3:34  Overlord x2  
  36  3:48  Glial Reconstitution  
  36  3:53  Extractor  
  36  3:55  Drone x2  
  36  3:56  Drone x4  
  36  3:57  Drone  
  36  4:01  Roach  
  44  4:09  Extractor  
  43  4:12  Roach x2  
  43  4:13  Roach x2  
  51  4:23  Overlord x2  
  51  4:48  Drone  
  51  4:49  Roach x8  
  68  5:00  Evolution Chamber  
  68  5:03  Drone  
  68  5:04  Hydralisk Den  
  68  5:05  Drone  
  68  5:07  Overlord  
  68  5:27  Zerg Missile Weapons Level 2  
  68  5:34  Zerg Ground Armor Level 1  
  68  5:38  Roach  
  70  5:45  Drone  
  70  5:47  Overlord  
  71  5:56  Drone x4  
  75  6:00  Hatchery  
  75  6:01  Roach  
  75  6:02  Overlord  
  76  6:08  Overseer  
  77  6:18  Drone x2, Infestation Pit  
  77  6:21  Roach  
  77  6:22  Roach x6  
  77  6:23  Zergling x2  
  92  6:34  Extractor  
  92  6:35  Overlord x2  
  91  6:53  Drone  
  91  6:54  Drone x2  
  93  6:57  Overseer  
  94  7:07  Zergling x2  
  95  7:15  Zergling x8  
  96  7:16  Zergling x6  
  85  7:46  Roach x4  
  85  7:47  Roach x10  
  85  7:49  Overlord  
  107  8:23  Zerg Ground Armor Level 2  
  107  8:25  Hive  
  107  8:46  Roach x7  
  121  9:02  Zergling x2  
  122  9:20  Hydralisk Den  
  122  9:23  Drone  
  122  9:24  Overlord  
  122  9:25  Overlord x3  
  122  9:36  Spire  
  121  9:43  Drone x8  
  129  9:58  Zergling x10  
  134  10:03  Zerg Missile Weapons Level 3  
  134  10:04  Queen  
  134  10:06  Muscular Augments  
  136  10:32  Hydralisk x2  
  136  10:33  Hydralisk x7  
  154  10:50  Overlord  
  146  11:12  Hydralisk x3, Roach  
  146  11:13  Roach x4, Hydralisk  
  152  11:20  Unknown  
  152  11:21  Hydralisk x2  
  152  11:22  Roach x2  
  135  11:26  Drone, Queen  
  135  11:31  Grooved Spines  
  130  11:33  Hydralisk  
  130  11:34  Hydralisk x3  
  125  11:52  Spore Crawler  
  125  11:53  Hydralisk x2  
  100  12:10  Roach  
  100  12:11  Roach x9  
  108  12:29  Drone x5  
  112  12:30  Drone  
  110  12:47  Extractor  
  110  12:50  Extractor  
  108  12:51  Metabolic Boost  
  108  13:02  Drone x3  
  111  13:11  Hydralisk x4  
  111  13:12  Roach x5  
  129  13:13  Zergling x8  
  129  13:18  Hatchery  
  132  13:29  Roach  
  132  13:30  Roach x7  
  148  13:39  Hatchery  
  147  13:42  Drone  
  147  13:43  Drone x3  
Show
View Real Time Build Order
Export as new Build Order

TheHunterxd Zerg 

Build Orders: Hatch First 

Get SALT Encoding   

  12  0:01  Drone  
  13  0:12  Overlord  
  13  0:16  Drone  
  14  0:31  Drone x2  
  14  0:34  Drone  
  17  0:50  Hatchery  
  17  0:53  Drone  
  17  0:57  Drone  
  18  1:07  Drone  
  19  1:17  Spawning Pool, Drone  
  19  1:28  Drone  
  20  1:35  Extractor  
  20  1:39  Overlord  
  19  1:50  Drone  
  20  2:00  Drone  
  21  2:04  Queen  
  23  2:10  Zergling x2, Queen  
  23  2:13  Drone  
  23  2:14  Drone  
  28  2:22  Drone  
  29  2:25  Zergling x2  
  30  2:33  Roach Warren  
  29  2:37  Drone x2  
  29  2:38  Spine Crawler  
  30  2:46  Drone x2  
  30  2:47  Extractor  
  31  3:02  Overlord x2  
  31  3:31  Roach x2  
  31  3:32  Overlord  
  31  3:33  Overlord x5  
  35  3:42  Evolution Chamber  
  34  3:53  Roach  
  34  3:54  Roach x4  
  44  3:59  Lair  
  44  4:05  Drone x2  
  44  4:06  Drone  
  44  4:08  Drone  
  48  4:12  Drone  
  48  4:13  Drone  
  48  4:15  Drone  
  51  4:18  Drone  
  52  4:39  Drone x2  
  52  4:40  Drone x3  
  57  4:53  Drone x3  
  57  4:54  Drone x4  
  64  5:01  Drone  
  65  5:07  Zerg Ground Armor Level 1  
  65  5:08  Roach  
  65  5:10  Roach  
  65  5:13  Extractor x2, Queen  
  69  5:16  Overlord  
  69  5:24  Roach  
  71  5:32  Spine Crawler  
  71  5:34  Spine Crawler  
  71  5:35  Spine Crawler, Roach  
  70  5:36  Roach x5  
  70  5:37  Roach  
  82  6:06  Zergling x2  
  82  6:07  Nydus Network, Zergling x10  
  87  6:15  Drone  
  87  6:16  Drone x4  
  87  6:17  Overlord  
  92  6:30  Pneumatized Carapace  
  92  6:42  Roach x2  
  92  6:43  Zergling x4  
  92  6:45  Overlord x2  
  98  7:01  Nydus Canal  
  98  7:05  Zergling x2  
  98  7:06  Zergling x10  
  103  7:36  Nydus Canal  
  98  7:44  Roach  
  98  7:45  Roach x5  
  110  7:53  Nydus Canal  
  110  8:04  Drone x2  
  111  8:17  Hatchery  
  102  8:26  Glial Reconstitution  
  94  8:38  Spire  
  93  8:41  Hatchery, Hydralisk Den  
  93  8:44  Roach x4  
  93  8:45  Roach x2  
  103  8:58  Nydus Canal  
  103  9:04  Roach x2  
  107  9:33  Nydus Canal  
  107  9:36  Hydralisk x4  
  107  9:37  Hydralisk x3  
  121  9:44  Overlord  
  121  9:52  Nydus Canal, Queen  
  121  9:58  Drone x3  
  121  9:59  Drone  
  127  10:11  Evolution Chamber  
  127  10:13  Evolution Chamber  
  125  10:16  Grooved Spines  
  125  10:20  Mutalisk x2  
  125  10:21  Mutalisk x3  
  129  10:22  Overlord  
  129  10:23  Overlord x4  
  135  10:40  Queen  
  135  10:41  Infestation Pit  
  136  10:44  Mutalisk x3  
  136  10:45  Mutalisk  
  136  10:46  Mutalisk  
  146  11:02  Zergling x18  
  146  11:03  Zergling x2  
  157  11:07  Muscular Augments  
  150  11:17  Hydralisk x6  
  146  11:22  Hydralisk  
  120  11:30  Mutalisk  
  76  11:56  Hydralisk x2  
  76  11:57  Hydralisk x4  
  70  12:22  Mutalisk x2  
  44  12:45  Zergling x2  
  45  12:53  Hydralisk  
  45  12:54  Hydralisk x7  
  61  13:07  Queen  
  63  13:18  Drone x4  
  63  13:19  Drone x3  
  70  13:37  Extractor  
  70  13:38  Extractor  
  68  13:53  Hatchery  
  67  14:00  Zergling x4  
  67  14:01  Zergling x16  
Tags
 
League
Master
Matchup
ZvZ
Race
Zerg
Replay Pack
Multiplayer
Spawn Locations
Cross Positions
Add a new tag
Caveats
  • Supply blocks, unpowered buildings, or Contaminate may cause inaccurate times.
  • Supply counts are checked every 10 seconds.